 Dungeon Crawl Stone Soup version 0.21.1-1-g345015fe64 (webtiles) character file.

445 Fascinator the Covert (level 7, -4/35 HPs)
             Began as a Vine Stalker Assassin on July 22, 2018.
             Killed from afar by Dowan (13 damage)
             ... with a stone arrow
             ... on level 4 of the Dungeon.
             The game lasted 00:08:36 (2991 turns).

Fascinator the Covert (Vine Stalker Assassin)       Turns: 2991, Time: 00:08:36

Health: -4/35      AC:  5    Str: 14    XL:     7   Next: 3%
Magic:  0/8        EV: 12    Int: 11    God:
Gold:   124        SH:  0    Dex: 17    Spells: 6/6 levels left

rFire    . . .     SeeInvis .   a - +2 dagger
rCold    . . .     Gourm    .   (no shield)
rNeg     . . .     Faith    .   c - +0 robe
rPois    .         Spirit   +   r - +0 helmet
rElec    .         Reflect  .   d - +0 cloak
rCorr    .         Harm     .   h - +0 pair of gloves
MR       .....                  (no boots)
Stlth    ++++......             (no amulet)
HPRegen  0.51/turn              (no ring)
MPRegen  0.11/turn              (no ring)

@: no status effects
A: fangs 2, regeneration 1, magic shield, antimagic bite, no potion heal 3, rot
immunity
a: no special abilities


You were on level 4 of the Dungeon.
You were hungry.

You visited 1 branch of the dungeon, and saw 4 of its levels.

You collected 124 gold pieces.

Inventory:

Hand Weapons
 a - a +2 dagger (weapon)
 b - a +0 blowgun
Missiles
 e - 30 poisoned needles
 f - 2 curare-tipped needles
Armour
 c - a +0 robe (worn)
 d - a +0 cloak (worn)
 h - a +0 pair of gloves (worn)
 r - a +0 helmet (worn)
Wands
 s - a wand of disintegration (14)
Scrolls
 i - 7 scrolls of identify {unknown}
 j - a scroll of teleportation {unknown}
 k - a scroll of enchant weapon {unknown}
 l - 6 scrolls of remove curse {unknown}
 p - a scroll of immolation {unknown}
 u - a scroll of noise {unknown}
 v - a scroll of fog {unknown}
Potions
 m - a potion of brilliance {unknown}
 n - a potion of agility {unknown}
 o - 2 potions of berserk rage {unknown}
 q - a potion of degeneration {unknown}
 t - a potion of flight {unknown}
 w - a potion of lignification {unknown}
Comestibles
 g - 5 rations


   Skills:
 + Level 2.4 Fighting
 + Level 2.8 Short Blades
 + Level 2.4 Throwing
 + Level 1.8 Dodging
 * Level 8.7 Stealth


You had 6 spell levels left.
You didn't know any spells.

Dungeon Overview and Level Annotations

Branches:
Dungeon (4/15)
 Temple: D:4-7

Altars:

Annotations:
D:4 Dowan


Innate Abilities, Weirdness & Mutations

You have extremely sharp teeth.
Your natural rate of healing is unusually fast.
When hurt, damage is shared between your health and your magic reserves.
Your bite disrupts and absorbs the magic of your enemies.
Potions cannot restore your health.
You are immune to rotting.


Message History

Dowan is severely wounded.
Dowan falters for a moment.
You closely miss Dowan.
Dowan is severely wounded.
Dowan casts a spell at you. The shard of ice misses you.
Dowan gestures at you while chanting. The stone arrow hits you!
* * * LOW HITPOINT WARNING * * *
You hit Dowan but do no damage.
Dowan is severely wounded.
Dowan hits you with a dagger.
* * * LOW HITPOINT WARNING * * *
You closely miss Dowan. You bite Dowan, but do no damage.
Dowan is severely wounded.
Dowan casts a spell.
Dowan blinks!
Dowan points at you and mumbles some strange words.
The stone arrow hits you!
You die...

#....###########
#....(..........
#.....(.........
########..# ####
#......##'## ....
#......#..)# ....
#....e.#...# .....
#..........# .......
#......@...# ....###
#######.ยง########....#..
#..............#..
#..............#..
#..............+..
#..............##.
#....###'########.
#....#.........#..
#....#.........#..


You could see Dowan.

Vanquished Creatures
  Duvessa (D:4)
  A bullfrog (D:3)
  A hound (D:2)
  A bullfrog skeleton (D:4)
  2 worker ants (D:4)
  4 gnolls (D:4)
  3 adders (D:2)
  5 worms
  2 dart slugs
  6 leopard geckos
  3 orcs
  A ball python (D:3)
  11 bats
  2 giant cockroaches (D:1)
  11 goblins
  3 hobgoblins (D:1)
  3 quokkas
  3 frilled lizards
  17 kobolds
  11 rats
91 creatures vanquished.

Notes
Turn   | Place    | Note
-------+----------+-------------------------------------------
     0 | D:1      | Fascinator the Vine Stalker Assassin began the quest for the Orb.
     0 | D:1      | Reached XP level 1. HP: 11/11 MP: 2/2
    14 | D:1      | Reached skill level 5 in Stealth
    43 | D:1      | Reached XP level 2. HP: 15/15 MP: 3/3
   164 | D:1      | Reached XP level 3. HP: 12/18 MP: 4/4
   419 | D:1      | Reached skill level 6 in Stealth
  1199 | D:2      | Gained mutation: Your natural rate of healing is unusually fast. [Vine Stalker growth]
  1199 | D:2      | Reached XP level 4. HP: 23/23 MP: 5/5
  1300 | D:2      | Reached skill level 1 in Dodging
  1379 | D:2      | Reached skill level 7 in Stealth
  1481 | D:2      | Reached XP level 5. HP: 20/26 MP: 4/6
  2465 | D:3      | Reached skill level 8 in Stealth
  2574 | D:4      | Reached XP level 6. HP: 28/30 MP: 5/7
  2953 | D:4      | Noticed Dowan
  2955 | D:4      | Noticed Duvessa
  2980 | D:4      | Killed Duvessa
  2980 | D:4      | Reached XP level 7. HP: 10/35 MP: 2/8
  2991 | D:4      | Killed from afar by Dowan

Skill      XL: |  1  2  3  4  5 |
---------------+----------------+-----
Stealth        | 5 6 7 8 |  8.7
Throwing       | 2 |  2.4
Short Blades   | 2 |  2.8
Dodging        | 1 |  1.8
Fighting       | 2 |  2.4

Action                   |  1- 3 |  4- 6 |  7- 9 || total
-------------------------+-------+-------+-------++-------
Melee: Dagger            |   111 |   146 |     8 ||   265
       Bite              |    23 |    47 |     4 ||    74
 Fire: Blowgun           |       |    20 |       ||    20
 Stab: Sleeping          |    11 |    13 |       ||    24
       Distracted        |     1 |       |       ||     1
  Eat: Chunk             |       |     6 |       ||     6
Armor: Robe              |    33 |    23 |     1 ||    57
Dodge: Dodged            |    73 |    87 |     5 ||   165
